 Dungeon Crawl Stone Soup version 0.31.0-11-ge490571c62 (webtiles) character file.

Game seed: 1059176473590358519

26 qw the Shooter (level 2, -3/14 HPs)
             Began as a Spriggan Hunter on Feb 4, 2024.
             Frozen to death by an endoplasm (5 damage)
             ... on level 2 of the Dungeon.
             The game lasted 00:00:02 (475 turns).

qw the Shooter (Spriggan Hunter)                     Turns: 475, Time: 00:00:02

Health: -3/14      AC:  4    Str:  7    XL:     2   Next: 89%
Magic:  3/3        EV: 19    Int: 10    God:
Gold:   32         SH:  0    Dex: 18    Spells: 1/1 levels left

rFire   . . .        a - +0 shortbow
rCold   . . .        (shield currently unavailable)
rNeg    . . .        c - +0 robe
rPois   .            (helmet restricted)
rElec   .            (no cloak)
rCorr   .            (gloves unavailable)
SInv    +            (boots unavailable)
Will    .....        (no amulet)
Stlth   ++           (no ring)
HPRegen 0.22/turn    (no ring)
MPRegen 0.08/turn

%: no passive effects
@: very quick
A: very small, no large weapons, unfitting armour, see invisible, speed 3,
iridescent scales 1
a: no special abilities


You were on level 2 of the Dungeon.
You visited 1 branch of the dungeon, and saw 2 of its levels.

You collected 32 gold pieces.


Innate Abilities, Weirdness & Mutations

You are very small and have problems with some larger weapons.
You are too small for most types of armour.
You have supernaturally acute eyesight. (SInv)
You cover ground extremely quickly. (Speed+++)
You are partially covered in iridescent scales. (AC +2)


   Skills:
 - Level 1.5 Fighting
 + Level 4.4 Ranged Weapons
 - Level 4.0 Dodging
 - Level 1.5 Stealth


You had one spell level left.
You didn't know any spells.
Your spell library was empty.

Inventory:

Hand Weapons
 a - a +0 shortbow (weapon)
Armour
 c - a +0 robe (worn)
Potions
 d - a potion of lignification {unknown}
 e - 2 potions of curing
 f - a potion of ambrosia {unknown}
 h - a potion of mutation
 i - a potion of cancellation

Dungeon Overview and Level Annotations

Branches:
Dungeon (2/15)

Altars:


Message History

The jackal barks!
A giant cockroach comes into view.
An endoplasm comes into view.
You shoot an arrow. The endoplasm quivers.
The arrow hits the jackal.
The jackal is moderately wounded.
You shoot an arrow. The arrow barely misses the jackal.
You shoot an arrow. The arrow barely misses the jackal.
The jackal closely misses you.
A jackal comes into view.
You shoot an arrow. The arrow barely misses the jackal.
The jackal closely misses you.
You shoot an arrow. The arrow hits the jackal.
You kill the jackal!
The giant cockroach bites you but does no damage.
You shoot an arrow. The arrow hits the giant cockroach.
The giant cockroach is heavily wounded.
The giant cockroach completely misses you.
The endoplasm hits you.
You shoot an arrow. The arrow hits the giant cockroach.
You kill the giant cockroach!
The jackal completely misses you. The endoplasm misses you.
You shoot an arrow. The arrow hits the endoplasm.
The endoplasm is moderately wounded.
The jackal closely misses you. The endoplasm freezes you.
You are frozen.
The jackal closely misses you.
You shoot an arrow.
The arrow hits the endoplasm but does no damage.
The endoplasm is moderately wounded.
The jackal misses you. The endoplasm freezes you.
You are frozen.
The jackal barely misses you.
You shoot an arrow. The arrow hits the endoplasm.
The endoplasm is heavily wounded.
The endoplasm freezes you.
You are frozen.
The jackal closely misses you. The endoplasm freezes you.
You are frozen.
You die...

#######
###<....###
####%.........
#.$@J.####....
#.##h.# ... #
....... .
####.#....
..#..... ###
.... ... ...


You could see an endoplasm and a jackal.

Vanquished Creatures
  2 endoplasms (D:1)
  2 giant cockroaches
  3 goblins (D:1)
  4 hobgoblins (D:1)
  2 jackals (D:2)
  3 kobolds (D:1)
  3 bats (D:1)
  A frilled lizard (D:1)
  2 rats (D:1)
22 creatures vanquished.

Notes
Turn   | Place    | Note
-------+----------+-------------------------------------------
     0 | D:1      | qw the Spriggan Hunter began the quest for the Orb.
     0 | D:1      | Reached XP level 1. HP: 10/10 MP: 2/2
     0 | D:1      | 0 ||| qw: Version: 0.3-a-160-g6735b56
     0 | D:1      | 0 ||| qw: Game counter: 5270
     0 | D:1      | 0 ||| qw: Melee chars always use a shield: true
     0 | D:1      | 0 ||| qw: God list: Okawaru
     0 | D:1      | 0 ||| qw: Allow faded altars: false
     0 | D:1      | 0 ||| qw: Do Orc after clearing Dungeon:15 true
     0 | D:1      | 0 ||| qw: Do second Lair branch before Depths: true
     0 | D:1      | 0 ||| qw: Lair rune preference: random
     0 | D:1      | 0 ||| qw: Goals: Normal
     0 | D:1      | 0 ||| PLANNING D:1-11
    41 | D:1      | Reached skill level 3 in Dodging
    63 | D:1      | Reached XP level 2. HP: 14/14 MP: 3/3
   412 | D:1      | 412 ||| DROPPING +6 ring of intelligence.
   413 | D:1      | 413 ||| READING scroll labelled OCEOPR ZIFAMIMM.
   437 | D:1      | 437 ||| DRINKING 3 cyan potions.
   438 | D:1      | 438 ||| DRINKING 2 orange potions.
   438 | D:1      | Gained mutation: Potions are less effective at restoring
                  | your health. [potion of mutation]
   438 | D:1      | Lost mutation: Potions are less effective at restoring your
                  | health. [potion of mutation]
   438 | D:1      | Gained mutation: You are partially covered in iridescent
                  | scales. (AC +2) [potion of mutation]
   439 | D:1      | 439 ||| DRINKING 2 pink potions.
   440 | D:1      | 440 ||| DROPPING scroll of butterflies.
   475 | D:2      | HP: 2/14 [frozen (2)]
   475 | D:2      | Frozen to death by an endoplasm

Levels and vault maps discovered:
D:1:      eino_arrival_druids_welcome, layout_basic, st_stairs_10
D:2:      layout_basic, basic_altar, minmay_joined_circles, uniq_jessica,
          uniq_sigmund

Skill      XL: |  1  2 |
---------------+-------+-----
Dodging        | 3 4 |  4.0
Fighting       | |  1.5
Ranged Weapons | |  4.4
Stealth        | |  1.5

Action                     || total
---------------------------++-------
   Fire: Shortbow          ||    60
    Use: Potion            ||     3
         Scroll            ||     1
 Armour: Robe              ||     4
  Dodge: Dodged            ||    13

Table legend:
 A = Non-vault XP
 B = Vault XP
 C = Vault XP percentage of total XP
 D = Non-vault monster count
 E = Vault monster count
 F = Vault count percentage of total count
                 A         B        C        D         E       F
            +---------+---------+-------+---------+---------+-------
      Total |      31 |       7 |  18.4 |      18 |       4 |  18.2
            +---------+---------+-------+---------+---------+-------
        D:1 |      25 |       7 |  21.9 |      15 |       4 |  21.1
        D:2 |       6 |       0 |   0.0 |       3 |       0 |   0.0
            +---------+---------+-------+---------+---------+-------
